 Dungeon Crawl Stone Soup version 0.13-a0-2202-g857913d (webtiles) character file.

131 Kae the Firebug (level 3, 0/19 HPs)
             Began as a Tengu Fire Elementalist on July 2, 2013.
             Slain by an adder (1 damage)
             ... on Level 2 of the Dungeon.
             The game lasted 00:01:11 (867 turns).

Kae the Firebug (Tengu Fire Elementalist)            Turns: 867, Time: 00:01:11

HP   0/19        AC  2     Str  8      XL: 3   Next:  4%
MP   0/6         EV 12     Int 16      God:
Gold 106         SH  0     Dex 14      Spells:  2 memorised,  1 level left

Res.Fire  : . . .   See Invis. : .   (no weapon)
Res.Cold  : . . .   Warding    : .   a - +0 robe
Life Prot.: . . .   Conserve   : .   (no shield)
Res.Poison: .       Res.Corr.  : .   (helmet restricted)
Res.Elec. : .       Clarity    : .   (no cloak)
Sust.Abil.: . .     Spirit.Shd : .   (no gloves)
Res.Mut.  : .       Stasis     : .   (boots unavailable)
Res.Rott. : .       Flight     : .   k - amulet of the gourmand
Gourmand  : +                        (no ring)
                                     (no ring)

@: not resistant to hostile enchantments, fairly stealthy
A: beak, talons 3
a: no special abilities


You were on level 2 of the Dungeon.
You were full.

You visited 1 branch of the dungeon, and saw 2 of its levels.

You collected 86 gold pieces.

Inventory:

Armour
 a - a +0 robe (worn)
Comestibles
 c - a bread ration
 f - 3 rambutans
 j - an apple
Scrolls
 g - a scroll of remove curse {unknown}
 h - a scroll of amnesia {unknown}
 l - a scroll of enchant armour {unknown}
 m - a scroll of fog {unknown}
Jewellery
 k - an amulet of the gourmand (around neck)
Potions
 d - a potion of porridge {unknown}
 e - 2 potions of heal wounds {unknown}
 i - a potion of confusion {unknown}
 n - a potion of brilliance {unknown}
Books
 b - a book of Flames

   Spells                             Type                      Level
   *Flame Tongue                      Conjuration/Fire             1
   *Throw Flame                       Conjuration/Fire             2
   Conjure Flame                      Conjuration/Fire             3
   Inner Flame                        Hexes/Fire                   3
   Sticky Flame                       Conjuration/Fire             4
   Fireball                           Conjuration/Fire             5


   Skills:
 - Level 2.1 Dodging
 - Level 2.0 Stealth
 + Level 1.0 Spellcasting
 * Level 2.6 Conjurations
 * Level 4.0 Fire Magic


You had one spell level left.
You knew the following spells:

 Your Spells              Type           Power        Failure   Level  Hunger
a - Flame Tongue          Conj/Fire      ##...        8%          1    ##.....
b - Throw Flame           Conj/Fire      ##....       10%         2    ###....


Dungeon Overview and Level Annotations

Branches:
Dungeon (2/27)

Altars:


Innate Abilities, Weirdness & Mutations

You have a beak for a mouth.
You have claws for feet.


Message History

Casting: Flame Tongue
Confirm with . or Enter, or press ? or * to list all spells.
You don't have enough magic to cast that spell.
Casting: Flame Tongue
Confirm with . or Enter, or press ? or * to list all spells.
You don't have enough magic to cast that spell.
Casting: Flame Tongue
Confirm with . or Enter, or press ? or * to list all spells.
You don't have enough magic to cast that spell.
You are too injured to fight recklessly!
You are too injured to fight recklessly!
You are too injured to fight recklessly!
You closely miss the adder. Your kick misses the adder.
The adder is severely wounded.
The adder bites you.
* * * LOW HITPOINT WARNING * * *
You hit the adder but do no damage.
The adder is severely wounded.
The adder barely misses you. The adder bites you.
You die...

.... #........ #.........
#........ #....... #......
####.....# .
..##.....#####
.#####.##.......@S##
......................>...
..####.###........##....#
.........<........# ...#
..................# ..#
..................# .
..................#
#...........#######
#...........#


You could see an adder.

Vanquished Creatures
  A giant gecko (D:1)
  2 bats (D:1)
  5 goblins
  4 hobgoblins
  3 kobolds
  A giant newt (D:1)
  2 jackals (D:1)
  3 rats (D:1)
21 creatures vanquished.

Vanquished Creatures (others)
  A hobgoblin (D:1)
1 creature vanquished.

Grand Total: 22 creatures vanquished

Notes
Turn   | Place    | Note
--------------------------------------------------------------
     0 | D:1      | Kae, the Tengu Fire Elementalist, began the quest for the Orb.
     0 | D:1      | Reached XP level 1. HP: 10/10 MP: 3/3
    61 | D:1      | Reached XP level 2. HP: 15/15 MP: 1/5
   115 | D:1      | Learned a level 2 spell: Throw Flame
   670 | D:2      | Reached XP level 3. HP: 11/19 MP: 2/6
   729 | D:2      | Reached skill level 4 in Fire Magic
   867 | D:2      | Slain by an adder

Action                   || total
-------------------------++-------
Melee: Unarmed           ||    19
 Cast: Flame Tongue      ||    32
